 Dungeon Crawl Stone Soup version 0.25-a0-292-gaa31f046c4 (webtiles) character file.

Game seed: 10466515960516734068, levelgen mode: classic

24421 Borgoz the Fighter (level 13, -3/84 HPs)
             Began as a Gargoyle Gladiator on Dec 15, 2019.
             Was an Elder of Ashenzari.
             Slain by a two-headed ogre
             ... wielding a +0 giant club
              (19 damage)
             ... on level 13 of the Dungeon.
             The game lasted 00:30:16 (15619 turns).

Borgoz the Fighter (Gargoyle Gladiator)            Turns: 15619, Time: 00:30:17

Health: -3/84      AC: 24    Str: 19    XL:     13   Next: 13%
Magic:  17/17      EV: 18    Int:  9    God:    Ashenzari [****..]
Gold:   341        SH:  0    Dex: 21    Spells: 11/12 levels left

rFire    + . .     SeeInvis +   a - +0 quarterstaff (curse)
rCold    . . .     Gourm    .   (shield currently unavailable)
rNeg     + . .     Faith    .   K - +0 ring mail {rF+}
rPois    ∞         Spirit   .   u - +1 helmet
rElec    +         Reflect  .   y - +2 cloak {MR+}
rCorr    .         Harm     .   (no gloves)
MR       ++...     Clarity  +   t - +2 pair of boots
Stlth    +.........             q - amulet of rage (curse)
HPRegen  0.24/turn              D - +6 ring of dexterity
MPRegen  0.15/turn              O - +4 ring of slaying

@: no status effects
A: deformed body, magic resistance 1, negative energy resistance 1, electricity
resistance, unbreathing, petrification resistance, rot immunity, AC +9
a: Curse Item, Scrying, Renounce Religion, Evoke Berserk Rage


You were on level 13 of the Dungeon.
You worshipped Ashenzari.
Ashenzari was greatly pleased with you.
You were not hungry.

You visited 2 branches of the dungeon, and saw 15 of its levels.
You also visited: Ossuary and Bailey.

You collected 1355 gold pieces.
You spent 1014 gold pieces at shops.

Inventory:

Hand Weapons
 a - a cursed +0 quarterstaff (weapon)
Armour
 i - a scarf of repulsion
 t - a +2 pair of boots (worn)
 u - a +1 helmet (worn)
 y - a +2 cloak of magic resistance (worn)
 K - a +0 ring mail of fire resistance (worn)
 L - a +0 troll leather armour
Jewellery
 q - a cursed amulet of rage (around neck)
 D - a +6 ring of dexterity (left hand)
 G - an uncursed ring of protection from magic
 O - a +4 ring of slaying (right hand)
Wands
 v - a wand of random effects (16)
 z - a wand of scattershot (1)
 E - a wand of polymorph (19)
 J - a wand of digging (2)
Scrolls
 b - 7 scrolls of enchant armour
 e - 2 scrolls of fear
 h - 7 scrolls of remove curse
 j - 9 scrolls of teleportation
 m - 9 scrolls of identify
 s - 2 scrolls of blinking
 F - 3 scrolls of enchant weapon
 I - 2 scrolls of amnesia
 M - a scroll of fog
 N - a scroll of silence
Potions
 c - 2 potions of ambrosia
 g - 4 potions of magic
 k - 2 potions of resistance
 l - 3 potions of berserk rage
 n - 5 potions of haste
 o - 2 potions of might
 p - a potion of agility
 w - a potion of brilliance
 x - 3 potions of flight
 A - a potion of invisibility
 B - 2 potions of lignification
 C - 3 potions of curing
 H - 2 potions of heal wounds
 P - a potion of mutation
Comestibles
 f - 25 rations
 r - 10 chunks of flesh


   Skills:
 * Level 11.4 Fighting
 + Level 11.1(15.3) Staves
 - Level 1.7 Throwing
 * Level 11.1 Armour
 * Level 9.1 Dodging
 + Level 2.3 Hexes
 + Level 5.7 Evocations


You had 11 spell levels left.
You knew the following spells:

 Your Spells              Type           Power        Failure   Level  Hunger
a - Confusing Touch       Hex            #.....       24%         1    ##.....

Your spell library contained the following spells:

 Spells                   Type           Power        Failure   Level  Hunger
 Animate Skeleton         Necr           N/A          52%         1    ##.....
 Apportation              Tloc           #.....       52%         1    ##.....
 Freeze                   Ice            #...         52%         1    ##.....
 Infusion                 Chrm           #...         52%         1    ##.....
 Shock                    Conj/Air       #...         52%         1    ##.....
 Summon Small Mammal      Summ           #...         52%         1    ##.....
 Shroud of Golubria       Chrm/Tloc      #.....       67%         2    ###....
 Song of Slaying          Chrm           #.......     67%         2    ###....
 Swiftness                Chrm/Air       #.......     67%         2    ###....
 Spectral Weapon          Hex/Chrm       #.......     75%         3    ####...
 Ozocubu's Armour         Chrm/Ice       #.......     88%         3    ####...
 Regeneration             Chrm/Necr      #.........   88%         3    ####...
 Static Discharge         Conj/Air       #.......     88%         3    ####...
 Cause Fear               Hex            #.........   93%         4    #####..
 Airstrike                Air            #.........   99%         4    #####..
 Hailstorm                Conj/Ice       #.......     99%         4    #####..
 Summon Ice Beast         Ice/Summ       #.......     99%         4    #####..
 Lightning Bolt           Conj/Air       #.........   100%        5    ######.
 Silence                  Hex/Air        #.........   100%        5    ######.
 Yara's Violent Unravell  Hex/Tmut       #.........   100%        5    ######.
 Deflect Missiles         Chrm/Air       #.........   100%        6    #######
 Discord                  Hex            #.........   100%        8    #######


Dungeon Overview and Level Annotations

Branches:
Dungeon (14/15)            Temple (1/1) D:6            Lair (0/6) D:8
    Orc (0/2) D:10        Ossuary (visited)          Bailey (visited)
 Vaults: D:13-14

Altars:
Ashenzari
Cheibriados
Dithmenos
Elyvilon
Fedhas
Gozag
Hepliaklqana
Kikubaaqudgha
Makhleb
Nemelex Xobeh
Okawaru
Qazlal
Ru
Sif Muna
Trog
Uskayaw
Vehumet
Wu Jian
Xom
Yredelemnul
Zin
The Shining One

Shops:
D:4 [   D:6 }   D:12 =


Innate Abilities, Weirdness & Mutations

You are resistant to torment.
Your stone body is resilient. (AC +9)
You are immune to poison.
You resist negative energy. (rN+)
You are resistant to electric shocks. (rElec)
You can survive without breathing.
You are immune to petrification.
You are immune to rotting.
Armour fits poorly on your strangely shaped body.
You are resistant to hostile enchantments. (MR+)


Message History

Throwing (i - inventory)
d - a throwing net (quivered)
Press: ? - help, Shift-Dir - straight line, f - two-headed ogre
Aim: a two-headed ogre, wielding two +0 giant clubs (fast)
You throw a throwing net.
The throwing net hits the two-headed ogre.
The two-headed ogre is caught in the net!
The two-headed ogre struggles against the net.
You sock the two-headed ogre!
The two-headed ogre is moderately wounded.
The two-headed ogre struggles against the net.
You sock the two-headed ogre!
The two-headed ogre is heavily wounded.
The two-headed ogre struggles against the net.
The net rips apart, and the two-headed ogre comes free!
You sock the two-headed ogre!
The two-headed ogre is severely wounded.
You sock the two-headed ogre!
The two-headed ogre is severely wounded.
The two-headed ogre hits you with a +0 giant club!!
You die...

#########
#...#..O####
#...#..@...#
####...#......#
#.............#
#............##
####............#
#...............#
#...............#
#...............##
#................#


You could see a two-headed ogre.

Vanquished Creatures
  Josephine (D:12)
  3 centaur warriors
  3 two-headed ogres
  4 unseen horrors
  A deep elf mage (D:13)
  A wolf spider zombie (D:13)
  4 cyclopes
  5 ugly things
  A manticore (D:14)
  A gargoyle (D:10)
  An efreet (D:13)
  A tengu conjurer (D:13)
  A queen bee (D:10)
  5 trolls
  4 hippogriffs
  Prince Ribbit (D:5)
  3 wyverns (D:13)
  A vampire (D:10)
  5 wraiths
  Eustachio (D:5)
  A basilisk (D:13)
  A hungry ghost (D:9)
  4 vampire mosquitoes (D:13)
  A soldier ant (D:13)
  3 water moccasins
  5 orc warriors
  A hornet zombie (D:6)
  2 ice beasts
  3 sky beasts
  2 phantoms
  9 centaurs
  5 ogres
  A necrophage (D:8)
  A crocodile (D:10)
  2 big kobolds
  A wyvern zombie (D:9)
  10 bullfrogs
  A wyvern skeleton (D:13)
  A scorpion (D:6)
  28 killer bees
  A howler monkey (D:7)
  9 crimson imps
  4 centaur zombies
  2 quasits
  3 orc priests
  3 jellies
  Crazy Yiuf (D:6)
  2 centaur skeletons
  4 hounds
  9 orc wizards
  2 bullfrog skeletons (D:10)
  Natasha (D:3)
  2 iguanas
  7 worker ants
  2 big kobold zombies (Ossuary)
  2 hound zombies
  A hound skeleton (D:5)
  5 mummies
  3 gnolls
  9 adders
  3 shadow imps
  2 adder skeletons
  An adder zombie (D:5)
  3 worms
  3 dart slugs
  6 leopard geckos
  74 orcs
  11 bats
  A bat zombie (D:3)
  4 giant cockroaches
  A gnoll zombie (Ossuary)
  7 goblins
  9 hobgoblins
  12 jackals
  27 kobolds
  3 quokkas
  2 ball pythons (D:2)
  A ball python skeleton (D:4)
  3 frilled lizards
  A hobgoblin zombie (Ossuary)
  2 jackal zombies (Ossuary)
  2 kobold zombies (Ossuary)
  A leopard gecko skeleton (D:5)
  4 orc zombies
  A quokka skeleton (D:5)
  10 rats
  A rat zombie (Ossuary)
  A spectral orc (D:9)
  A fungus (D:6)
398 creatures vanquished.

Notes
Turn   | Place    | Note
-------+----------+-------------------------------------------
     0 | D:1      | Borgoz the Gargoyle Gladiator began the quest for the Orb.
     0 | D:1      | Reached XP level 1. HP: 12/12 MP: 1/1
    42 | D:1      | Reached XP level 2. HP: 7/18 MP: 2/2
   249 | D:1      | Reached skill level 1 in Armour
   258 | D:1      | Reached XP level 3. HP: 17/22 MP: 3/3
   837 | D:2      | Reached XP level 4. HP: 28/28 MP: 4/4
   871 | D:2      | Found a burning altar of Makhleb.
   929 | D:2      | Found a snail-covered altar of Cheibriados.
  1160 | D:2      | Found a shimmering blue altar of Sif Muna.
  1226 | D:2      | Found a faded altar of an unknown god.
  1333 | D:2      | Found a burning altar of Makhleb.
  1392 | D:2      | Reached XP level 5. HP: 32/32 MP: 5/5
  1415 | D:2      | Found a sparkling altar of Nemelex Xobeh.
  1722 | D:3      | Noticed an ogre
  1744 | D:3      | Killed an ogre
  1747 | D:3      | Reached XP level 6. HP: 24/37 MP: 6/6
  2223 | D:3      | Found a sacrificial altar of Ru.
  2489 | D:3      | Noticed Natasha
  2492 | D:3      | Killed Natasha
  2654 | D:3      | Found an ancient bone altar of Kikubaaqudgha.
  2827 | D:4      | Noticed a phantom
  2849 | D:4      | Killed a phantom
  2849 | D:4      | Reached skill level 5 in Staves
  2849 | D:4      | Reached XP level 7. HP: 15/43 MP: 7/7
  3113 | D:4      | Got a heavily runed leather armour
  3129 | D:4      | Found Saodwo Tixt's Armour Boutique.
  3140 | D:4      | Identified the cursed +1 leather armour of Misanthropy
                  | {+Fly rElec} (You found it on level 4 of the Dungeon)
  3317 | D:4      | Found a hazy altar of Hepliaklqana.
  3512 | D:5      | Entered Level 5 of the Dungeon
  3546 | D:5      | Noticed Eustachio
  3579 | D:5      | Killed Eustachio
  3656 | D:5      | Found a shattered altar of Ashenzari.
  3665 | D:5      | Became a worshipper of Ashenzari the Shackled
  3717 | D:5      | Noticed Prince Ribbit
  3769 | D:5      | Found a sand-covered staircase.
  3775 | D:5      | Gained mutation: Armour fits poorly on your strangely
                  | shaped body. [potion of mutation]
  3775 | D:5      | Gained mutation: You are resistant to hostile enchantments.
                  | (MR+) [potion of mutation]
  3782 | D:5      | Killed Prince Ribbit
  3782 | D:5      | Reached skill level 5 in Fighting
  3782 | D:5      | Reached XP level 8. HP: 12/49 MP: 8/8
  3837 | Ossuary  | Entered an ossuary
  4559 | D:5      | Reached * piety under Ashenzari
  4742 | D:5      | Found Cev Ume's Antique Armour Emporium.
  5378 | D:2      | Found a hide-covered altar of Uskayaw.
  5378 | D:2      | Found a blossoming altar of Fedhas.
  5538 | D:6      | Found an opulent altar of Gozag.
  5875 | D:6      | Found Niubumaf's Gadget Boutique.
  5925 | D:6      | Found a staircase to the Ecumenical Temple.
  5930 | Temple   | Entered the Ecumenical Temple
  6129 | D:6      | Found a white marble altar of Elyvilon.
  6272 | D:6      | Reached skill level 5 in Armour
  6689 | D:6      | Found a runed translucent door.
  6690 | D:6      | Noticed Crazy Yiuf
  6697 | D:6      | Killed Crazy Yiuf
  6847 | D:7      | Reached XP level 9. HP: 55/55 MP: 9/9
  6941 | D:7      | Found a flagged portal.
  7185 | Bailey   | Entered a bailey
  7243 | Bailey   | Reached skill level 5 in Dodging
  7385 | Bailey   | Reached skill level 1 in Evocations
  7808 | D:7      | Reached ** piety under Ashenzari
  7810 | D:7      | Found a shimmering altar of Xom.
  8403 | D:8      | Found a staircase to the Lair.
  9353 | D:9      | Reached XP level 10. HP: 24/63 MP: 11/11
  9551 | D:9      | Found a basalt altar of Yredelemnul.
  9961 | D:9      | Reached *** piety under Ashenzari
 10623 | D:10     | Entered Level 10 of the Dungeon
 10954 | D:10     | Noticed an unseen horror
 10969 | D:10     | Killed an unseen horror
 11269 | D:10     | Found a staircase to the Orcish Mines.
 11568 | D:10     | Reached XP level 11. HP: 57/69 MP: 13/13
 11843 | D:10     | Noticed an unseen horror
 11854 | D:10     | Killed an unseen horror
 11912 | D:10     | Noticed a two-headed ogre
 11926 | D:10     | Killed a two-headed ogre
 12523 | D:11     | Reached **** piety under Ashenzari
 12772 | D:12     | Found Noddaqih's Jewellery Emporium.
 13504 | D:12     | Bought a +4 ring of slaying for 1014 gold pieces
 13640 | D:12     | Noticed Josephine
 13651 | D:12     | Killed Josephine
 13651 | D:12     | Reached skill level 10 in Staves
 13929 | D:13     | Noticed an unseen horror
 13948 | D:13     | Killed an unseen horror
 14001 | D:13     | Noticed a two-headed ogre
 14017 | D:13     | Killed a two-headed ogre
 14017 | D:13     | Reached skill level 10 in Fighting
 14017 | D:13     | Reached XP level 12. HP: 55/77 MP: 15/15
 14265 | D:13     | Reached skill level 10 in Armour
 14379 | D:13     | Noticed a centaur warrior
 14395 | D:13     | Killed a centaur warrior
 14449 | D:13     | Learned a level 1 spell: Confusing Touch
 14491 | D:13     | Reached skill level 5 in Evocations
 14801 | D:13     | Reached skill level 1 in Hexes
 14803 | D:13     | Noticed a centaur warrior
 14812 | D:13     | Killed a centaur warrior
 15022 | D:14     | Noticed a centaur warrior
 15033 | D:14     | Killed a centaur warrior
 15125 | D:14     | Noticed a two-headed ogre
 15449 | D:13     | Reached XP level 13. HP: 66/84 MP: 17/17
 15619 | D:13     | Slain by a two-headed ogre

Levels and vault maps discovered:
D:1:      elethiomel_arrival_quiet, layout_basic, minmay_misc_feat_columns
D:2:      layout_rooms, nicolae_overflow_hidden_temple, old_standard_altar,
          chequers_ecumenical_altar_grove, makhleb_heckhound_becter
D:3:      layout_basic, nicolae_ru_awakened_eye,
          lemuel_zombie_altar_kikubaaqudgha, minmay_fractal_squares_5,
          uniq_natasha
D:4:      layout_cave_pools, marbit_many_paths, serial_shops, shop
D:5:      layout_layer_cave, lemuel_round_altar, nicolae_ossuary_entry_giza,
          first_ration, serial_shops, nicolae_shop_crystal, uniq_eustachio,
          uniq_prince_ribbit1
D:6:      layout_basic, grunt_gozag_breadcrumbs, elyvilon_altar_4,
          temple_doors_e, serial_shops, shop_statue, minmay_joined_circles,
          uniq_crazy_yiuf_cottage
D:7:      wander_river, layout_loops_cross, enter_bailey_8, xom_teletrap_fun
D:8:      layout_basic, lair_entry_dummy, grunt_ogre_cave
D:9:      layout_rooms, yredelemnul_forgotten_temple_becter
D:10:     layout_loops_corners, hiddenorc2_lemuel, nicolae_looking_at_the_future
D:11:     layout_rooms
D:12:     layout_cave_pools, minmay_shop_enchanted_jewellery, minivault_24,
          uniq_josephine
D:13:     layout_cross, minmay_puff
D:14:     layout_basic, grunt_vaults_entry_tiered
Temple:   compressed_dpeg_triangle_lava_temple

Skill      XL: |  1  2  3  4  5  6  7  8  9 10 11 12 13 |
---------------+----------------------------------------+-----
Armour         | 1 2 3 4 5 6 8 9 10 11 | 11.1
Fighting       | 3 4 5 7 8 10 11 | 11.4
Dodging        | 3 4 5 6 7 8 9 |  9.1
Staves         | 4 5 6 7 8 9 10 11 | 11.1
Evocations     | 2 3 4 5 |  5.7
Hexes          | 1 2 |  2.3
Throwing       | |  1.7

Action                   |  1- 3 |  4- 6 |  7- 9 | 10-12 | 13-15 || total
-------------------------+-------+-------+-------+-------+-------++-------
Melee: Quarterstaff      |    66 |   206 |   693 |  1010 |    53 ||  2028
Throw: Throwing net      |     2 |     1 |     1 |     3 |     1 ||     8
Invok: Curse Item        |       |       |     1 |     1 |       ||     2
 Abil: Evoke Berserk Rag |       |       |     1 |     2 |       ||     3
Evoke: Wand              |       |       |       |     5 |       ||     5
  Use: Potion            |       |     1 |     7 |       |       ||     8
       Scroll            |       |       |    17 |     7 |       ||    24
 Stab: Held in net/web   |     1 |       |       |     7 |       ||     8
       Sleeping          |     1 |       |       |       |       ||     1
  Eat: Chunk             |       |     6 |    19 |    22 |     1 ||    48
       Ration            |       |       |     1 |       |       ||     1
Armor: Leather armour    |    37 |    45 |       |       |       ||    82
       Ring mail         |       |    49 |   393 |   286 |    11 ||   739
       Troll leather arm |       |       |       |   108 |       ||   108
Dodge: Dodged            |    60 |   147 |   638 |   788 |    33 ||  1666

Table legend:
 A = Non-vault XP
 B = Vault XP
 C = Vault XP percentage of total XP
 D = Non-vault monster count
 E = Vault monster count
 F = Vault count percentage of total count
                 A         B        C        D         E       F
            +---------+---------+-------+---------+---------+-------
      Total |   28164 |    6724 |  19.3 |     283 |     114 |  28.7
            +---------+---------+-------+---------+---------+-------
        D:1 |      63 |       0 |   0.0 |      24 |       0 |   0.0
        D:2 |      63 |      40 |  38.8 |      24 |       1 |   4.0
        D:3 |     258 |      63 |  19.6 |      25 |       9 |  26.5
        D:4 |     310 |       0 |   0.0 |      16 |       0 |   0.0
        D:5 |     231 |     485 |  67.7 |      17 |       5 |  22.7
        D:6 |     189 |     484 |  71.9 |       6 |       6 |  50.0
        D:7 |     330 |       0 |   0.0 |       6 |       0 |   0.0
        D:8 |     792 |     121 |  13.3 |      16 |       1 |   5.9
        D:9 |    2419 |       1 |   0.0 |      43 |       1 |   2.3
       D:10 |    4803 |    1056 |  18.0 |      26 |      40 |  60.6
       D:11 |     495 |       0 |   0.0 |      11 |       0 |   0.0
       D:12 |    1478 |    1911 |  56.4 |      13 |       5 |  27.8
       D:13 |   11225 |    1941 |  14.7 |      39 |       4 |   9.3
       D:14 |    5508 |       0 |   0.0 |      17 |       0 |   0.0
    Ossuary |       0 |     155 | 100.0 |       0 |      16 | 100.0
     Bailey |       0 |     467 | 100.0 |       0 |      26 | 100.0
            +---------+---------+-------+---------+---------+-------
